 Dungeon Crawl Stone Soup version 0.17.0-57-g0e89251 (webtiles) character file.

445 Fuzzybunny the Insei (level 6, 0/50 HPs)
             Began as a Draconian Transmuter on Dec 8, 2015.
             Slain by an ogre
             ... wielding a +0 giant club
              (20 damage)
             ... on level 5 of the Dungeon.
             The game lasted 00:29:44 (6291 turns).

Fuzzybunny the Insei (Draconian Transmuter)         Turns: 6291, Time: 00:29:44

Health: 0/50       AC:  6    Str: 11 (12) XL:     6   Next: 72%
Magic:  10/10      EV: 13    Int: 15      God:
Gold:   84         SH:  0    Dex: 12      Spells: 3 memorised, 3 levels left

rFire  . . .     SeeInvis .       - Unarmed
rCold  . . .     Clarity  .     (armour unavailable)
rNeg   . . .     SustAt   .     (no shield)
rPois  .         Gourm    .     (helmet restricted)
rElec  .         Spirit   .     (no cloak)
rCorr  .         Warding  .     (no gloves)
rMut   .         Stasis   .     (boots currently unavailable)
MR     .....                    (no amulet)
Stlth  +.........               (no ring)
                                (no ring)

@: appendage (expiring), not resistant to hostile enchantments, very unstealthy
A: unfitting armour, talons 3, cold-blooded, AC +6
a: End Transformation


You were on level 5 of the Dungeon.
You were very hungry.
You had grown temporary talons.
You visited 1 branch of the dungeon, and saw 5 of its levels.

You collected 84 gold pieces.

Inventory:

Missiles
 a - 12 arrows
 d - 20 arrows of dispersal
Jewellery
 j - an uncursed ring of protection from fire {unknown}
Scrolls
 f - 3 scrolls of remove curse
 h - 2 scrolls of identify
 k - a scroll of teleportation
 l - 3 scrolls of magic mapping {unknown}
Books
 b - a book of Changes

   Spells                             Type                      Level
   a - Beastly Appendage              Transmutation                1
   b - Sticks to Snakes               Transmutation                2
   c - Spider Form                    Transmutation/Poison         3
   d - Ice Form                       Ice/Transmutation            4
   e - Blade Hands                    Transmutation                5
Comestibles
 c - 3 bread rations
 g - a slice of pizza


   Skills:
 + Level 2.8 Fighting
 + Level 3.4 Dodging
 + Level 0.4 Stealth
 + Level 4.3 Unarmed Combat
 + Level 3.2 Spellcasting
 + Level 2.4 Transmutations
 * Level 2.8 Ice Magic
 - Level 0.6 Poison Magic


You had 3 spell levels left.
You knew the following spells:

 Your Spells              Type           Power        Failure   Level  Hunger
a - Beastly Appendage     Trmt           #.....       10%         1    #......
b - Spider Form           Trmt/Pois      #.........   34%         3    ###....
c - Ice Form              Ice/Trmt       ##......     78%         4    #####..


Dungeon Overview and Level Annotations

Branches:
Dungeon (5/15)             Temple (0/1) D:4

Altars:
Kikubaaqudgha

Annotations:
D:3 Nicoed's ghost, amateur FoSk


Innate Abilities, Weirdness & Mutations

Your plain brown scales are hard (AC +6).
Your body does not fit into most forms of armour.
You are cold-blooded and may be slowed by cold attacks.
You have claws for feet.


Message History

The ogre closely misses you.
You barely miss the ogre. Your kick misses the ogre.
The ogre is moderately wounded.
The ogre hits you with a giant club!!
You barely miss the ogre. You claw the ogre.
The ogre is moderately wounded.
You hit the ogre but do no damage. You claw the ogre, but do no damage.
The ogre is moderately wounded.
The ogre hits you with a giant club!
You completely miss the ogre. Your kick misses the ogre.
The ogre is moderately wounded.
Your transformation is almost over.
The ogre closely misses you.
You hit the ogre. Your kick misses the ogre.
Your tail-slap misses the ogre.
The ogre is heavily wounded.
You hit the ogre but do no damage. You claw the ogre.
Your tail-slap misses the ogre.
The ogre is heavily wounded.
The ogre hits you with a giant club!!
You die...

#.#.##### #.#
#.#.# #.# #)#.#
#.# #.#.# #.#
#.#.# #.# #.#.#
#.# #.#.#
#O########.#.#####
#@.........#......
##################


You could see an ogre.

Vanquished Creatures
  A giant frog (D:5)
  A big kobold (D:4)
  A crimson imp (D:3)
  An orc wizard (D:4)
  A jelly (D:5)
  A worker ant (D:4)
  A giant frog skeleton (D:5)
  A hound zombie (D:5)
  A mummy (D:4)
  4 adders
  An ooze (D:1)
  2 adder skeletons
  3 worms (D:2)
  3 giant geckos
  11 orcs
  A ball python (D:2)
  4 giant cockroaches
  5 goblins
  5 hobgoblins
  6 kobolds
  4 quokkas
  2 bats
  7 giant newts
  2 hobgoblin zombies (D:4)
  A jackal skeleton (D:5)
  2 orc zombies (D:4)
  5 rats
77 creatures vanquished.

Vanquished Creatures (others)
  A human (D:5)
1 creature vanquished.

Grand Total: 78 creatures vanquished

Notes
Turn   | Place    | Note
--------------------------------------------------------------
     0 | D:1      | Fuzzybunny the Draconian Transmuter began the quest for the Orb.
     0 | D:1      | Reached XP level 1. HP: 16/16 MP: 3/3
   465 | D:1      | Reached XP level 2. HP: 18/23 MP: 5/5
  2091 | D:2      | Reached XP level 3. HP: 8/28 MP: 6/6
  2420 | D:2      | Learned a level 3 spell: Spider Form
  3114 | D:3      | Reached XP level 4. HP: 29/36 MP: 5/7
  3279 | D:3      | Learned a level 4 spell: Ice Form
  3425 | D:3      | Noticed Nicoed's ghost (amateur FoSk)
  3542 | D:4      | Found a staircase to the Ecumenical Temple.
  3674 | D:4      | Noticed a big kobold
  4133 | D:4      | Reached skill level 1 in Ice Magic
  4477 | D:4      | Reached XP level 5. HP: 12/41 MP: 9/9
  5041 | D:4      | Killed a big kobold
  5041 | D:4      | Reached skill level 4 in Unarmed Combat
  5041 | D:4      | Reached XP level 6. HP: 33/49 MP: 10/10
  5312 | D:5      | Entered Level 5 of the Dungeon
  6010 | D:5      | Found an ancient bone altar of Kikubaaqudgha.
  6010 | D:5      | Noticed a human
  6013 | D:5      | Killed a human
  6291 | D:5      | Slain by an ogre

Action                   |  1- 3 |  4- 6 || total
-------------------------+-------+-------++-------
Melee: Unarmed           |   151 |   253 ||   404
 Cast: Beastly Appendage |     6 |    16 ||    22
       Spider Form       |     2 |       ||     2
       Ice Form          |       |     1 ||     1
  Use: Potion            |     3 |     3 ||     6
       Scroll            |       |     4 ||     4
 Stab: Sleeping          |     1 |       ||     1
  Eat: Chunk             |     5 |    11 ||    16
       Beef jerky        |     1 |     1 ||     2
